 Dungeon Crawl Stone Soup version 0.31.0-11-ge490571c62 (webtiles) character file.

Game seed: 12212883818945965

1633 monsoonserge the Cudgeller (level 8, -14/27 (64) HPs)
             Began as a Gnoll Reaver on Feb 1, 2024.
             Demolished by Menkaure (21 damage)
             ... on level 5 of the Dungeon.
             The game lasted 00:13:33 (5657 turns).

monsoonserge the Cudgeller (Gnoll Reaver)           Turns: 5657, Time: 00:13:34

HP:   -14/27 (64)   AC:  4    Str: 19    XL:     8   Next: 98%
MP:   16/17         EV: 13    Int: 14    God:
Gold: 143           SH:  5    Dex: 10    Spells: 18/19 levels left

rFire   . . .        D - +3 hammer
rCold   . . .        (no shield)
rNeg    . . .        p - +2 robe {Will+}
rPois   .            (no helmet)
rElec   .            (no cloak)
rCorr   .            (no gloves)
SInv    .            (no boots)
Will    +....        h - amulet of reflection
Stlth   ++           i - +6 ring of strength
HPRegen 0.24/turn    (no ring)
MPRegen 0.15/turn

%: reflection
@: extremely drained
A: fangs 1, strong nose, distributed training
a: no special abilities


You were on level 5 of the Dungeon.
You visited 2 branches of the dungeon, and saw 7 of its levels.

You collected 255 gold pieces.
You spent 112 gold pieces at shops.

Inventory:

Hand Weapons
 v - a +1 long sword of holy wrath
 D - a +3 hammer (weapon)
Missiles
 a - 3 boomerangs
 c - 7 poisoned darts (quivered)
Armour
 p - a +2 robe of willpower (worn)
Jewellery
 h - an amulet of reflection (around neck)
 i - a +6 ring of strength (left hand)
Wands
 r - a wand of mindburst (8)
 s - a wand of digging (5)
Scrolls
 b - a scroll of summoning {unknown}
 d - 2 scrolls of amnesia {unknown}
 e - 6 scrolls of identify {unknown}
 g - a scroll of revelation {unknown}
 j - 3 scrolls of teleportation {unknown}
 k - 2 scrolls of enchant armour {unknown}
 m - 3 scrolls of fear
 n - a scroll of vulnerability {unknown}
 t - a scroll of immolation {unknown}
 w - a scroll of acquirement {unknown}
 B - a scroll of enchant weapon {unknown}
 C - a scroll of brand weapon {unknown}
Potions
 f - 3 potions of curing
 l - 2 potions of berserk rage {unknown}
 o - a potion of might
 q - 2 potions of heal wounds {unknown}
 u - 2 potions of lignification {unknown}
 x - a potion of haste {unknown}
 z - a potion of cancellation {unknown}
 A - a potion of attraction {unknown}


   Skills:
 + Level 6.1 Fighting
 + Level 3.9 Short Blades
 + Level 3.9 Long Blades
 + Level 3.9 Axes
 + Level 7.7 Maces & Flails
 + Level 3.9 Polearms
 + Level 3.9 Staves
 + Level 3.9 Ranged Weapons
 + Level 3.9 Throwing
 + Level 3.9 Armour
 + Level 6.1 Dodging
 + Level 3.9 Stealth
 + Level 3.9 Shields
 + Level 3.9 Unarmed Combat
 + Level 6.4 Spellcasting
 + Level 6.4 Conjurations
 + Level 3.2 Hexes
 + Level 3.2 Summonings
 + Level 3.2 Necromancy
 + Level 3.2 Translocations
 + Level 3.2 Fire Magic
 + Level 3.2 Ice Magic
 + Level 3.2 Air Magic
 + Level 3.2 Earth Magic
 + Level 3.2 Alchemy
 + Level 4.2 Invocations
 + Level 3.9 Evocations
 + Level 3.5 Shapeshifting


You had 18 spell levels left.
You knew the following spells:

 Your Spells              Type           Power      Damage    Failure   Level
a - Kiss of Death         Conj/Necr      68%        2d10      2%          1

Your spell library contained the following spells:

 Spells                   Type           Power      Damage    Failure   Level
 Momentum Strike          Conj/Tloc      34%        3d8       3%          2
 Hailstorm                Conj/Ice       17%        3d6       6%          3
 Brom's Barrelling Bould  Conj/Erth      17%        2d4       22%         4
 Iskenderun's Battlesphe  Conj           22%        2d8       30%         5
 Anguish                  Hex/Necr       6%         N/A       38%         4
 Cause Fear               Hex            6%         N/A       38%         4
 Fireball                 Conj/Fire      8%         3d6       52%         5
 Bombard                  Conj/Erth      8%         9d2       97%         6
 Conjure Ball Lightning   Conj/Air       8%         3x3d6     97%         6
 Enfeeble                 Hex            6%         N/A       100%        7
 Orb of Destruction       Conj           11%        9d6       100%        7
 Spellforged Servitor     Conj/Summ      8%         N/A       100%        7


Dungeon Overview and Level Annotations

Branches:
Dungeon (6/15)             Temple (1/1) D:5

Altars:
Ashenzari
Cheibriados
Dithmenos
Elyvilon
Fedhas
Gozag
Hepliaklqana
Kikubaaqudgha
Okawaru
Qazlal
Sif Muna
Uskayaw
Vehumet
Wu Jian
Xom
Yredelemnul
The Shining One

Shops:
D:3 *

Annotations:
D:5 1 runed translucent door, Crazy Yiuf, Menkaure


Innate Abilities, Weirdness & Mutations

You have very sharp teeth.
Your uncanny sense of smell can sniff out nearby items.
Your experience applies equally to all skills.


Message History

Aim: a hound (almost dead, chance to affect: 84%)
The hound barely resists.
You block the hound's attack. The orc hits you with a +0 falchion.
* * * LOW HITPOINT WARNING * * *
The orc barely misses you. The hound barely misses you.
Aiming: Mindburst
Press: ? - help, Shift-Dir - straight line, f/p - hound
Aim: a hound (almost dead, chance to affect: 84%)
Okay, then.
It was a potion of curing.
You feel better. The hound barely misses you. The orc closely misses you.
The orc hits you with a +0 hand axe.
* * * LOW HITPOINT WARNING * * *
Aiming: Mindburst
Press: ? - help, Shift-Dir - straight line, f/p - hound
Aim: a hound (almost dead, chance to affect: 84%)
The hound's mind is blasted!!
You blow up the hound!
The orc closely misses you. The orc hits you with a +0 hand axe.
* * * LOW HITPOINT WARNING * * *
You feel better. The orc hits you with a +0 hand axe.
* * * LOW HITPOINT WARNING * * *
The orc closely misses you.
Aiming: Mindburst
Press: ? - help, Shift-Dir - straight line, f - orc
Aim: an orc, wielding a +0 hand axe (heavily wounded, chance to affect: 89%)
The orc barely resists.
The orc barely misses you. x2
Aiming: Mindburst
Press: ? - help, Shift-Dir - straight line, f/p - orc
Aim: an orc, wielding a +0 hand axe (heavily wounded, chance to affect: 89%)
The orc's mind is blasted!!
You blow up the orc!
Menkaure barely misses you. The orc misses you.
Aiming: Mindburst
Press: ? - help, Shift-Dir - straight line, f - orc
Aim: an orc, wielding a +0 falchion (chance to affect: 89%)
The orc's mind is blasted!!
You blow up the orc!
Menkaure hits you!!
Ouch! That really hurt!
You die...

#g..+.♣♣♣♣.))...####.#
#...#♣..♣.)...)......#
### ♣♣♣.♣...#####.###
♣♣♣♣♣## ###.#########
#.....#......
############.###.#..####
.............# #....#
...........#.###.#.##
#......@)..........#
#..?..M)...####♣...#
#..........# ♣♣..♣
##..!..###.# ♣.♣♣ #....#
#.# ♣.♣ !....# #.# ♣.♣
..... #.# ♣♣.♣ ..... o#
♣♣..♣ ♣..♣♣


You could see Menkaure.

Vanquished Creatures
  Pikel (D:6)
  Sigmund (D:3)
  A black bear (D:5)
  A centaur (D:5)
  A kobold brigand (D:6)
  4 crimson imps (D:4)
  4 hounds
  2 jellies
  A bombardier beetle (D:5)
  3 orc priests (D:5)
  Ijyb (D:3)
  3 iguanas (D:5)
  2 orc wizards
  A mummy (D:4)
  8 adders
  A gnoll (D:2)
  A white imp (D:5)
  2 dart slugs
  23 orcs
  7 endoplasms
  2 giant cockroaches
  13 goblins
  4 hobgoblins
  2 jackals (D:2)
  6 kobolds
  3 quokkas
  5 ball pythons
  5 bats
  A hobgoblin zombie (D:4)
  2 kobold zombies (D:4)
  An orc zombie (D:4)
  3 rats
115 creatures vanquished.

Notes
Turn   | Place    | Note
-------+----------+-------------------------------------------
     0 | D:1      | monsoonserge the Gnoll Reaver began the quest for the Orb.
     0 | D:1      | Reached XP level 1. HP: 20/20 MP: 6/6
   193 | D:1      | Reached XP level 2. HP: 25/26 MP: 7/7
   799 | D:2      | Reached skill level 5 in Spellcasting
   799 | D:2      | Reached XP level 3. HP: 24/31 MP: 7/9
   927 | D:2      | Reached skill level 1 in Invocations
   989 | D:2      | Reached skill level 1 in Short Blades
   989 | D:2      | Reached skill level 1 in Long Blades
   989 | D:2      | Reached skill level 1 in Axes
   989 | D:2      | Reached skill level 1 in Polearms
   989 | D:2      | Reached skill level 1 in Staves
   989 | D:2      | Reached skill level 1 in Ranged Weapons
   989 | D:2      | Reached skill level 1 in Throwing
   989 | D:2      | Reached skill level 1 in Armour
   989 | D:2      | Reached skill level 1 in Stealth
   989 | D:2      | Reached skill level 1 in Shields
   989 | D:2      | Reached skill level 1 in Unarmed Combat
   989 | D:2      | Reached skill level 1 in Evocations
  1491 | D:3      | Reached skill level 1 in Shapeshifting
  1491 | D:3      | Reached XP level 4. HP: 35/38 MP: 11/11
  1558 | D:3      | Reached skill level 1 in Hexes
  1558 | D:3      | Reached skill level 1 in Summonings
  1558 | D:3      | Reached skill level 1 in Necromancy
  1558 | D:3      | Reached skill level 1 in Translocations
  1558 | D:3      | Reached skill level 1 in Fire Magic
  1558 | D:3      | Reached skill level 1 in Ice Magic
  1558 | D:3      | Reached skill level 1 in Air Magic
  1558 | D:3      | Reached skill level 1 in Earth Magic
  1558 | D:3      | Reached skill level 1 in Alchemy
  1626 | D:3      | Found Onusorif's General Store.
  1651 | D:3      | Noticed Sigmund
  1663 | D:3      | Bought a potion of might for 56 gold pieces
  1663 | D:3      | Bought a scroll of fear for 56 gold pieces
  1693 | D:3      | Killed Sigmund
  1694 | D:3      | Reached XP level 5. HP: 24/43 MP: 10/12
  1694 | D:3      | Reached XP level 6. HP: 28/50 MP: 11/14
  1789 | D:3      | Reached skill level 5 in Fighting
  1789 | D:3      | Reached skill level 5 in Dodging
  1795 | D:3      | Found a hazy altar of Hepliaklqana.
  1954 | D:3      | Noticed Ijyb
  1963 | D:3      | Killed Ijyb
  2927 | D:4      | Reached skill level 7 in Maces & Flails
  2927 | D:4      | Reached XP level 7. HP: 14/35 MP: 15/15
  3038 | D:4      | Found an ancient bone altar of Kikubaaqudgha.
  3074 | D:4      | Found a shadowy altar of Dithmenos.
  3745 | D:4      | Found a shimmering altar of Xom.
  4215 | D:5      | Entered Level 5 of the Dungeon
  4847 | D:5      | Reached XP level 8. HP: 56/62 MP: 16/16
  4883 | D:5      | Noticed Pikel
  4922 | D:6      | Killed Pikel
  5357 | D:5      | Found a blossoming altar of Fedhas.
  5471 | D:5      | Found a runed translucent door.
  5472 | D:5      | Noticed Crazy Yiuf
  5499 | D:5      | Found a staircase to the Ecumenical Temple.
  5504 | Temple   | Entered the Ecumenical Temple
  5646 | D:5      | Noticed Menkaure
  5651 | D:5      | HP: 1/25 [orc/+0 falchion (6)]
  5657 | D:5      | Demolished by Menkaure

Illustrated notes

Levels and vault maps discovered:
D:1:      lightli_arrival_noodles, layout_basic, st_stairs_9
D:2:      layout_loops_cross, cheibrodos_gnoll_hut
D:3:      kennysheep_the_goblin_king, layout_basic, nzn_hepliaklqana_mist_gate,
          serial_shops, shop, uniq_sigmund
D:4:      layout_layer_cave, led_xom_imps, mainiacjoe_overflow_surrounded_room,
          lemuel_coloured_pillars_altar, minmay_mini_ossuary
D:5:      layout_loops_ring, fedhas_altar_4, temple_doors_ab, uniq_pikel,
          uniq_menkaure, uniq_crazy_yiuf_cottage
D:6:      layout_basic, mainiacjoe_overflow_alcove_1, serial_shops,
          nicolae_inconvenience_store, nicolae_shop_real_fake_doors,
          nicolae_shop_pleasant_corner_grove,
          nicolae_shop_temple_entry_statues_fountains, nicolae_shop_trees,
          serial_park_tiny_1, minmay_starry_boxes, uniq_maggie,
          uniq_blork_the_orc
Temple:   hellmonk_temple_two_chambers

Skill      XL: |  1  2  3  4  5  6  7  8 |
---------------+-------------------------+-----
Spellcasting   | 5 6 |  6.4
Invocations    | 1 2 3 4 |  4.2
Short Blades   | 1 2 3 |  3.9
Long Blades    | 1 2 3 |  3.9
Axes           | 1 2 3 |  3.9
Polearms       | 1 2 3 |  3.9
Staves         | 1 2 3 |  3.9
Ranged Weapons | 1 2 3 |  3.9
Throwing       | 1 2 3 |  3.9
Armour         | 1 2 3 |  3.9
Stealth        | 1 2 3 |  3.9
Shields        | 1 2 3 |  3.9
Unarmed Combat | 1 2 3 |  3.9
Evocations     | 1 2 3 |  3.9
Shapeshifting  | 1 2 3 |  3.5
Hexes          | 1 2 3 |  3.2
Summonings     | 1 2 3 |  3.2
Necromancy     | 1 2 3 |  3.2
Translocations | 1 2 3 |  3.2
Fire Magic     | 1 2 3 |  3.2
Ice Magic      | 1 2 3 |  3.2
Air Magic      | 1 2 3 |  3.2
Earth Magic    | 1 2 3 |  3.2
Alchemy        | 1 2 3 |  3.2
Fighting       | 5 6 |  6.1
Dodging        | 5 6 |  6.1
Maces & Flails | 7 |  7.7
Conjurations   | 6 |  6.4

Action                     |  1- 3 |  4- 6 |  7- 9 || total
---------------------------+-------+-------+-------++-------
  Melee: Mace              |    83 |   168 |   159 ||   410
         Bite              |     8 |    15 |    22 ||    45
         Flail             |       |       |    39 ||    39
         Punch             |       |       |     5 ||     5
  Throw: Dart              |       |       |     5 ||     5
   Cast: Kiss of Death     |       |     6 |     7 ||    13
  Evoke: Wand              |       |       |    10 ||    10
    Use: Potion            |       |       |     2 ||     2
   Stab: Sleeping          |       |       |     3 ||     3
 Armour: Leather armour    |    22 |       |       ||    22
         Ring mail         |    17 |    26 |       ||    43
         Robe              |       |    61 |   105 ||   166
  Dodge: Dodged            |    46 |    93 |   125 ||   264
  Block: Other             |    10 |    33 |    46 ||    89
         Reflection        |       |       |     3 ||     3
